 Dungeon Crawl Stone Soup version 0.30-a0-702-gdf48620a09 (webtiles) character file.

Game seed: 7008054956903359905

671090 Zonian the Sensei (level 27, -15/228 HPs)
             Began as a Demonspawn Ice Elementalist on Jan 16, 2023.
             Was a High Priest of Ashenzari.
             Killed from afar by an electric golem (19 damage)
             ... with a bolt of lightning
             ... on level 5 of the Realm of Zot on Jan 21, 2023.
             The game lasted 08:14:43 (145466 turns).

Zonian the Sensei (Demonspawn Ice Elementalist)   Turns: 145466, Time: 08:14:44

Health: -15/228    AC: 19    Str: 13    XL:     27
Magic:  11/53      EV: 27    Int: 27    God:    Ashenzari [*****.]
Gold:   7792       SH: 14    Dex: 21    Spells: 0/68 levels left

rFire   + + +      SeeInvis +      - Unarmed
rCold   + + .      Faith    .    A - +2 buckler "Lashed Vision" {rN++ Will+, Self, Elem} (curse)
rNeg    + + +      Spirit   .    a - +3 leather armour "Oracular Suspicion" {rC+, Cun, Fort} (curse)
rPois   +          Reflect  +    X - +3 hat of Pondering {ponderous, Will+ MP+10 Int+5, Alch, Self} (curse)
rElec   .          Harm     .    p - scarf of the Gnostic Welkin {rC+ rF+, Evo, Melee} (curse)
rCorr   .          Rampage  .    (gloves unavailable)
Will    ++++.      Clarity  +    C - +2 pair of boots "Lashed Secrets" {Fly, Comp, Elem} (curse)
Stlth   ++++++                   V - amulet of the Manifest Stars {Reflect SH+5, Elem, Bglg} (curse)
HPRegen 0.58/turn                L - ring of Panopticon {rF+ rN+ AC+4 Str+2, Melee, Self} (curse)
MPRegen 0.33/turn                q - ring of the Mantic Stars {rPois rF+ EV+5 Int+3, Alch, Elem} (curse)

@: on vortex cooldown, on berserk cooldown, on blink cooldown, flying, hasted
and slowed, studying 3 skills, slow
A: claws 3, icemail 2, spiny 3, black mark, sharp scales 3, condensation shield,
bedeviling, aura of silence, hooves 1, low MP 1, weak 1
}: 4/15 runes: barnacled, slimy, silver, gossamer
a: Renounce Religion, Curse Item, Shatter the Chains


You were on level 5 of the Realm of Zot.
You worshipped Ashenzari.
Ashenzari was extremely pleased with you.
You visited 13 branches of the dungeon, and saw 57 of its levels.
You visited 1 ziggurat, and saw 9 of its levels.
You also visited: Gauntlet and Ice Cave.

You collected 10842 gold pieces.
You spent 3050 gold pieces at shops.

Inventory:

Hand Weapons
 j - the +8 autumn katana {manifold assault}
   (You found it on level 3 of the Crypt)

   Manifold Assault: It sometimes launches melee attacks against multiple
   visible enemies.
 E - the +8 arc blade {discharge, rElec}
   (You took it off an ironbound preserver on level 5 of the Vaults)

   rElec:     It insulates you from electricity.
 M - the +12 dagger "Enorhul" {flame, rC+ rN+ rCorr}
   (You took it off a vault warden on level 1 of the Vaults)

   rC:        It protects you from cold.
   rN:        It protects you from negative energy.
   rCorr:     It protects you from acid and corrosion.
 P - the +10 scimitar "Yroic" {spect, Str+5}
   (You found it on level 9 of a ziggurat)

   Str:       It affects your strength (+5).
Missiles
 l - 3 boomerangs of dispersal
 v - 9 silver javelins
 z - 8 throwing nets
 D - 15 curare-tipped darts
 H - 67 poisoned darts (quivered)
Armour
 a - the cursed +3 leather armour "Oracular Suspicion" (worn) {rC+, Cun, Fort}
   (You took it off a wight on level 7 of the Dungeon)

   It has a curse which improves the following skills: Cunning: Dodging and
   Stealth.
   Fortitude: Armour and Shields.
 p - the cursed scarf of the Gnostic Welkin (worn) {rC+ rF+, Evo, Melee}
   (You found it in a Gauntlet)

   It has a curse which improves the following skills: Evocations: Evocations.
   Melee Combat: Short Blades, Long Blades, Axes, Maces & Flails, Polearms,
   Staves and Unarmed Combat.
 A - the cursed +2 buckler "Lashed Vision" (worn) {rN++ Will+, Self, Elem}
   (You acquired it on level 2 of the Spider Nest)

   rN:        It greatly protects you from negative energy.
   Will:      It increases your willpower.
   It has a curse which improves the following skills: Introspection: Fighting
   and Spellcasting.
   Elements:  Fire Magic, Ice Magic, Air Magic and Earth Magic.
 C - the cursed +2 pair of boots "Lashed Secrets" (worn) {Fly, Comp, Elem}
   (You found it on level 4 of the Dungeon)

   It has a curse which improves the following skills: Companions: Summonings
   and Necromancy.
   Elements:  Fire Magic, Ice Magic, Air Magic and Earth Magic.
 X - the cursed +3 hat of Pondering (worn) {ponderous, Will+ MP+10 Int+5, Alch, Self}
   (You took it off Gastronok on level 10 of the Dungeon)

   Int:       It affects your intelligence (+5).
   MP:        It affects your magic capacity (+10).
   Will:      It increases your willpower.
   It has a curse which improves the following skills: Alchemy: Poison Magic and
   Transmutations.
   Introspection: Fighting and Spellcasting.
Magical Staves
 g - a staff of earth
 r - a staff of cold
Jewellery
 q - the cursed ring of the Mantic Stars (right claw) {rPois rF+ EV+5 Int+3, Alch, Elem}
   (You took it off a deep elf high priest on level 3 of the Elven Halls)

   [ring of evasion]

   EV:        It affects your evasion (+5).
   Int:       It affects your intelligence (+3).
   rF:        It protects you from fire.
   rPois:     It protects you from poison.
   It has a curse which improves the following skills: Alchemy: Poison Magic and
   Transmutations.
   Elements:  Fire Magic, Ice Magic, Air Magic and Earth Magic.
 L - the cursed ring of Panopticon (left claw) {rF+ rN+ AC+4 Str+2, Melee, Self}
   (You took it off a deep elf annihilator on level 3 of the Elven Halls)

   [ring of protection]

   AC:        It affects your AC (+4).
   Str:       It affects your strength (+2).
   rF:        It protects you from fire.
   rN:        It protects you from negative energy.
   It has a curse which improves the following skills: Melee Combat: Short
   Blades, Long Blades, Axes, Maces & Flails, Polearms, Staves and Unarmed
   Combat.
   Introspection: Fighting and Spellcasting.
 U - the macabre finger necklace {Finger+ rN+}
   (You found it on level 8 of a ziggurat)

   [amulet of nothing]

   Finger+:   It enables you to equip an extra ring.
   rN:        It protects you from negative energy.
 V - the cursed amulet of the Manifest Stars (around neck) {Reflect SH+5, Elem, Bglg}
   (You bought it in a shop on level 6 of the Dungeon)

   [amulet of reflection]

   It reflects blocked missile attacks.
   SH:        It affects your SH (+5).
   It has a curse which improves the following skills: Elements: Fire Magic, Ice
   Magic, Air Magic and Earth Magic.
   Beguiling: Conjurations, Hexes and Translocations.
Wands
 e - a wand of roots (31)
 i - a wand of digging (7)
 t - a wand of mindburst (47)
 y - a wand of light (11)
Scrolls
 c - 11 scrolls of poison
 h - 7 scrolls of silence
 k - 7 scrolls of magic mapping
 n - 16 scrolls of teleportation
 w - 7 scrolls of fog
 O - 2 scrolls of butterflies
 Q - 2 scrolls of fear
Potions
 b - 10 potions of lignification
 d - 18 potions of curing
 f - 4 potions of invisibility
 m - 3 potions of berserk rage
 o - 5 potions of cancellation
 s - 3 potions of magic
 u - 6 potions of brilliance
 I - 11 potions of ambrosia
 J - 6 potions of haste
 N - 2 potions of resistance
 Z - a potion of might
Miscellaneous
 x - a condenser vane (inert)
 G - a tin of tremorstones (2/2)
 K - a phial of floods
 R - a lightning rod (4/4)
 S - the horn of Geryon
 T - a phantom mirror
 Y - a box of beasts


   Skills:
 - Level 16.9(21.2) Fighting
 - Level 11.9(16.1) Short Blades
 - Level 8.4(14.0) Long Blades
 - Level 0.9(2.7) Staves
 + Level 5.1 Throwing
 - Level 3.1(5.1) Armour
 - Level 11.7(14.0) Dodging
 - Level 13.2(15.4) Stealth
 - Level 6.6(9.0) Shields
 - Level 22.2(25.2) Unarmed Combat
 - Level 17.1(21.4) Spellcasting
 - Level 12.9(15.1) Conjurations
 - Level 3.8(5.9) Summonings
 - Level 12.7(15.0) Necromancy
 - Level 5.7(9.1) Transmutations
 - Level 21.3(26.4) Ice Magic
 - Level 8.5(14.0) Air Magic
 - Level 10.5(16.0) Earth Magic
 - Level 12.1(14.3) Evocations


You couldn't memorise any spells.
You knew the following spells:

 Your Spells              Type           Power      Damage    Failure   Level
a - Freeze                Ice            100%       1d10      0%          1
b - Frozen Ramparts       Ice            100%       1d16      0%          3
c - Ozocubu's Armour      Ice            100%       N/A       0%          3
d - Summon Ice Beast      Ice/Summ       86%        N/A       1%          4
e - Lee's Rapid Deconstr  Erth           43%        3d21*     1%          5
f - Mephitic Cloud        Conj/Pois/Air  70%        N/A       1%          3
g - Ozocubu's Refrigerat  Ice            53%        4d19      1%          7
h - Stone Arrow           Conj/Erth      100%       3d13      0%          3
i - Arcjolt               Conj/Air       41%        1d51      1%          5
j - Irradiate             Conj/Tmut      38%        3d24      1%          5
k - Iron Shot             Conj/Erth      42%        9d8       1%          6
l - Borgnjor's Vile Clut  Necr/Erth      42%        N/A       1%          5
m - Dispel Undead         Necr           83%        3d27      1%          4
n - Blink                 Tloc           60%        N/A       2%          2
o - Polar Vortex          Ice            53%        N/A       4%          9
p - Vampiric Draining     Necr           83%        2d11      0%          3

Your spell library contained the following spells:

 Spells                   Type           Power      Damage    Failure   Level
 Kiss of Death            Conj/Necr      100%       2d13      0%          1
 Magic Dart               Conj           100%       1d8       0%          1
 Necrotise                Necr           100%       1d9       0%          1
 Sandblast                Erth           100%       2d20      0%          1
 Shock                    Conj/Air       100%       1d9       0%          1
 Ensorcelled Hibernation  Hex/Ice        100%       N/A       0%          2
 Static Discharge         Conj/Air       100%       2-7/arc   0%          2
 Sublimation of Blood     Necr           83%        N/A       0%          2
 Hailstorm                Conj/Ice       96%        3d19      0%          3
 Ice Form                 Ice/Tmut       90%        N/A       0%          4
 Foxfire                  Conj/Fire      100%       2x1d9     1%          1
 Call Imp                 Summ           57%        N/A       1%          2
 Cigotuvi's Dreadful Rot  Necr/Pois/Air  100%       N/A       1%          2
 Momentum Strike          Conj/Tloc      100%       3d10      1%          2
 Passwall                 Tmut/Erth      64%        N/A       1%          2
 Poisonous Vapours        Pois/Air       100%       N/A       1%          2
 Wereblood                Tmut           68%        N/A       1%          2
 Dazzling Flash           Conj/Hex       100%       N/A       1%          3
 Spider Form              Tmut/Pois      53%        N/A       1%          3
 Summon Guardian Golem    Hex/Summ       62%        N/A       1%          3
 Swiftness                Air            81%        N/A       1%          3
 Vhi's Electric Charge    Tloc/Air       100%       N/A       1%          3
 Anguish                  Hex/Necr       40%        N/A       1%          4
 Animate Armour           Summ/Erth      100%       N/A       1%          4
 Flame Wave               Conj/Fire      64%        2d15      1%          4
 Iskenderun's Mystic Bla  Conj/Tloc      63%        2d13      1%          4
 Leda's Liquefaction      Hex/Erth       41%        N/A       1%          4
 Petrify                  Tmut/Erth      77%        N/A       1%          4
 Sticky Flame             Conj/Fire      64%        2d8       1%          4
 Summon Lightning Spire   Summ/Air       70%        N/A       1%          4
 Agony                    Necr           83%        N/A       1%          5
 Blade Hands              Tmut           34%        N/A       1%          5
 Fireball                 Conj/Fire      32%        3d14      1%          5
 Freezing Cloud           Conj/Ice/Air   46%        6-21      1%          5
 Iskenderun's Battlesphe  Conj           84%        2d13      1%          5
 Lightning Bolt           Conj/Air       41%        1d60      1%          5
 Metabolic Englaciation   Hex/Ice        50%        N/A       1%          5
 Conjure Ball Lightning   Conj/Air       41%        3x3d13    1%          6
 Death Channel            Necr           41%        N/A       1%          6
 Simulacrum               Ice/Necr       48%        N/A       1%          6
 Statue Form              Tmut/Erth      51%        N/A       1%          6
 Lesser Beckoning         Tloc           60%        N/A       2%          2
 Scorch                   Fire           66%        2d8       2%          2
 Silence                  Hex/Air        39%        N/A       3%          5
 Orb of Destruction       Conj           42%        9d12      3%          7
 Inner Flame              Hex/Fire       48%        N/A       4%          3
 Confusing Touch          Hex            45%        N/A       5%          3
 Tukima's Dance           Hex            45%        N/A       5%          3
 Alistair's Intoxication  Tmut/Pois      35%        N/A       8%          5
 Yara's Violent Unravell  Hex/Tmut       34%        3d14      8%          5
 Starburst                Conj/Fire      32%        6d10      12%         6
 Olgreb's Toxic Radiance  Pois           31%        N/A       16%         4
 Summon Forest            Summ/Tloc      22%        N/A       16%         5
 Summon Mana Viper        Hex/Summ       62%        N/A       16%         5
 Manifold Assault         Tloc           30%        N/A       19%         4
 Passage of Golubria      Tloc           30%        N/A       19%         4
 Spellforged Servitor     Conj/Summ      36%        N/A       22%         7
 Lehudib's Crystal Spear  Conj/Erth      42%        10d10     22%         8
 Summon Cactus Giant      Summ           28%        N/A       26%         6
 Borgnjor's Revivificati  Necr           41%        N/A       28%         8
 Eringya's Noxious Bog    Tmut/Pois      26%        N/A       38%         6
 Necromutation            Tmut/Necr      38%        N/A       67%         8
 Monstrous Menagerie      Summ           28%        N/A       82%         7
 Summon Hydra             Summ           28%        N/A       82%         7
 Dispersal                Tloc           15%        N/A       95%         6
 Death's Door             Necr           41%        N/A       99%         9
 Enfeeble                 Hex            22%        N/A       100%        7
 Discord                  Hex            22%        N/A       100%        8
 Disjunction              Tloc           15%        N/A       100%        8
 Ignition                 Fire           16%        3d7       100%        8
 Summon Horrible Things   Summ           28%        N/A       100%        8
 Fire Storm               Conj/Fire      32%        8d8       100%        9


Dungeon Overview and Level Annotations

Branches:
Dungeon (15/15)            Temple (1/1) D:6            Lair (5/5) D:11
 Shoals (4/4) Lair:3       Spider (4/4) Lair:3        Slime (5/5) Lair:5
    Orc (2/2) D:12            Elf (3/3) Orc:2        Vaults (5/5) D:13
  Crypt (3/3) Vaults:2       Tomb (0/3) Crypt:3      Depths (4/4) D:15
   Hell (visited)             Dis (0/7) Hell            Geh (0/7) Hell
    Coc (0/7) Hell            Tar (0/7) Hell            Zot (5/5) Depths:4
  IceCv (visited)         Gauntlet (visited)

Altars:
Ashenzari
Cheibriados
Dithmenos
Fedhas
Gozag
Hepliaklqana
Kikubaaqudgha
Makhleb
Nemelex Xobeh
Okawaru
Qazlal
Ru
Sif Muna
Trog
Uskayaw
Vehumet
Wu Jian
Xom
Yredelemnul
Jiyva

Shops:
D:3 ?   D:6 =!   Orc:2 !!(:[   Elf:1 =([(   Elf:2 =   Elf:3 *   Shoals:3 (
Vaults:3 =   Vaults:4 (   Depths:1 [   Depths:3 (   Depths:4 :==

Portals:
Hell: Depths:1 Depths:2 Depths:3 Depths:4
Abyss: Depths:3
Pandemonium: Depths:2

Annotations:
Lair:3 1 runed translucent door, bande's ghost, journeyman GrFi
Vaults:3 exclusion: obsidian statue
Vaults:4 3 runed translucent doors, Joetwoph's ghost, veteran OgTm
Crypt:1 1 runed translucent door, Luix's ghost, veteran MiGl
Zot:4 1 transporter
Zot:5 3 runed translucent doors, hikkokomori's ghost, legendary FoFi


Innate Abilities, Weirdness & Mutations

You have claws for hands.
A meltable icy envelope protects you from harm. (AC +0)
You are completely covered in sharp spines.
Your melee attacks may debilitate your foes.
You are completely covered in razor-sharp scales. (AC +3, Slay +3)
A meltable shield of frost defends you. (SH +0)
Your hexes are more powerful.
You are surrounded by an aura of silence.
You have large cloven feet.
Your magical capacity is low. (-10% MP)
You are weak. (Str -2)


Message History

The bolt of fire hits you! You resist.
* * * LOW HITPOINT WARNING * * *
The Killer Klown pies you viciously! The klown pie misses you.
The orb of fire glows yellow.
The fireball explodes!
The fireball engulfs you. You resist.
* * * LOW HITPOINT WARNING * * *
A black draconian comes into view. It is wielding a +0 dire flail.
The Killer Klown pies you viciously! The klown pie misses you.
The orb of fire glows red.
Strange energies course through your body.
You feel weaker.
Okay, then.
Clouds of poison gas condense around you!
The condenser dries out!
You hear a roar!
You hear a shout!
You hear a roar! x2
An electric golem comes into view.
The Killer Klown is engulfed in poison gas.
The Killer Klown is poisoned.
The black draconian is engulfed in poison gas.
The black draconian is poisoned.
The red draconian is engulfed in poison gas.
The red draconian is poisoned.
Okay, then.
Casting: Blink (safe; 2% risk of failure)
Confirm with . or Enter, or press ? or * to list all spells.
Aiming: Iron Shot (mildly dangerous; 1% risk of failure)
Press: ? - help, Shift-Dir - straight line, f - orb of fire
Aim: an orb of fire (whirling frost, lightly damaged, 46% to hit)
The iron shot hits the orb of fire!!!
The orb of fire is heavily damaged.
The winds around you start to calm down.
You hear a roar!
You hear a deafening roar!
You hear a roar! x2
The Orb Guardian is engulfed in poison gas.
The Orb Guardian is poisoned.
The electric golem crackles and sizzles.
The electric golem hurls lightning at you.
The bolt of lightning hits you!!
You die...

,,,,,,,,,,,.^,*** ***
,,,,,,,,,.......▓▓ **,,
,,,,,,,,,........▓ ▓▓▓▓▓▓▓▓▓ *,,,
,,,,,,,,,..§§§§§§▓*▓§{XX^..▓**,,,
,,,,,,,,,§§§§§§§§▓▓XXXXX..^.**,,,
,,,,,,,,,§§§§§§§§▓§.{XX.....,*,,,
,,,,,,,,,§d§§§§§§X.....0....,,,,,
,^,,,,,,,§§§§§§§§▓..........,*,,,
,,,,,,,,,§9§§§§§@▓▓.........**^,^
,,,,,,,,,§§§§§§§*▓▓▓.^.....▓**,,,
,,,,,,,,,§§§§§§p§# ▓▓▓▓▓▓▓▓▓ *,,,
,,,,,,,,,..§§§§p## **,,
,,,,^,,^,..d*p▓#* ***
,,,,,,,,,..▓▓▓* *
,,*******▓▓▓▓▓▓* #▓
,,,,,,,,,......### ###.
,,,,,,,,,,,*#....## ##...


You could see 2 orbs of fire, 3 Killer Klowns, an electric golem, a black
draconian (poisoned), a red draconian (poisoned) and 2 Orb Guardians.

Vanquished Creatures
  the Royal Jelly (Slime:5)
  Dissolution (Slime:4)
  2 dread liches
  2 orbs of fire (Zot:4)
  4 ancient liches
  Mennas (Crypt:3)
  A juggernaut (Zig:3)
  Josephina (Crypt:3)
  2 pandemonium lords
  Frederick (Vaults:5)
  Bai Suzhen (Vaults:4)
  Saint Roka (Orc:2)
  Margery (Crypt:3)
  A shard shrike (shapeshifter) (Elf:3)
  2 curse toes
  The ghost of Hali the Executioner, a veteran FoFi of Dithmenos (Crypt:3)
  3 Killer Klowns
  Geryon (Hell)
  13 golden dragons
  3 profane servitors
  Nikola (Spider:4)
  2 bone dragons
  2 electric golems
  A Brimstone Fiend (Zig:7)
  The ghost of Dugafar the Warrior, an adept GrFi of Cheibriados (Crypt:3)
  2 Tzitzimimeh
  Jorgrun (Elf:1)
  A Hell Sentinel (Zig:5)
  Zenata (Vaults:1)
  5 liches
  12 tentacled monstrosities
  3 titans
  Asterion (Elf:1)
  2 deep elf blademasters (Elf:3)
  9 Orb Guardians (Zot:5)
  A deep elf master archer (Elf:3)
  11 quicksilver dragons
  29 acid blobs
  4 death cobs
  Polyphemus (Shoals:2)
  5 sphinxes
  An Executioner (Depths:3)
  16 ancient champions
  12 tengu reavers
  4 draconian monks
  Gastronok (D:10)
  Kirke (Spider:2)
  11 shadow dragons
  Ilsuiw (Shoals:2)
  10 storm dragons
  12 azure jellies
  5 revenants
  5 fire giants
  7 rockslimes
  A demonspawn warmonger (Zig:5)
  6 draconian knights
  10 deep elf sorcerers
  An iron dragon (Depths:2)
  16 frost giants
  2 emperor scorpions (Spider:4)
  9 ghost moths
  7 deep elf elementalists (Elf:3)
  Aizul (Spider:4)
  4 draconian stormcallers
  3 balrugs
  A draconian scorcher (Zot:2)
  A cacodemon (Hell)
  9 ghouls
  20 vault wardens
  8 reapers
  7 broodmothers
  A caustic shrike zombie (Depths:3)
  2 curse skulls
  3 draconian annihilators
  3 orc warlords
  5 war gargoyles
  7 draconian shifters
  19 ironbound preservers
  19 very ugly things
  A demonspawn blood saint (Zig:5)
  12 stone giants
  6 quicksilver oozes
  7 ironbound thunderhulks
  2 caustic shrike skeletons
  A rockslime zombie (Crypt:1)
  3 elemental wellsprings (Hell)
  11 green draconians
  5 deep elf demonologists
  A lorocyproca (Depths:4)
  13 vampire knights
  9 deep elf annihilators
  16 dire elephants
  4 red draconians
  21 yellow draconians
  4 minotaurs
  A spark wasp (shapeshifter) (Vaults:4)
  6 purple draconians
  8 black draconians
  6 white draconians
  A wendigo (Hell)
  Snorg (Orc:1)
  7 deep elf death magi
  3 spark wasps
  2 blizzard demons
  4 merfolk javelineers
  18 ettins
  2 merfolk impalers
  6 eidola
  2 iron golems (Hell)
  3 spectral golden dragons (Depths:3)
  7 entropy weavers
  9 great orbs of eyes
  A quicksilver dragon zombie (Depths:3)
  7 jiangshi
  5 fire dragons
  A fenstrider witch zombie (Crypt:1)
  18 yaktaur captains
  A spriggan zombie (Crypt:3)
  7 deep elf high priests (Elf:3)
  2 rakshasas
  2 hell beasts
  8 ice dragons
  A quicksilver dragon skeleton (Depths:3)
  3 peacekeepers
  An alligator snapping turtle (Shoals:2)
  4 spriggan air magi
  3 catoblepae
  41 vault guards
  A spriggan skeleton (Crypt:1)
  5 ogre magi
  7 boulder beetles
  8 hydras
  4 death knights
  3 merfolk avatars
  10 ironbound frosthearts
  3 merfolk aquamancers
  6 two-headed ogres
  12 centaur warriors
  8 death yaks
  A death scarab (Spider:4)
  25 dancing weapons
  16 vampire magi
  2 radroaches
  6 satyrs (Shoals:4)
  4 deep troll shamans
  2 orc high priests
  7 hell hogs
  3 spriggan berserkers
  A titan zombie (Depths:3)
  15 deep elf knights
  22 hell knights
  Urug (Lair:3)
  13 soul eaters
  12 sun demons
  A fire crab (D:13)
  A sixfirhy (Zig:7)
  8 iron trolls
  Nergalle (Orc:2)
  4 pharaoh ants
  2 spectral spark wasps (Depths:3)
  A storm dragon skeleton (Hell)
  A titan skeleton (Crypt:1)
  15 sea snakes
  The ghost of SkeletonJelly the Cleaver, a novice DsCK of Xom (D:7)
  11 flayed ghosts
  41 deep trolls
  11 orb spiders
  40 skeletal warriors
  7 shadow wraiths
  A quicksilver dragon simulacrum (Hell)
  2 orb spiders (shapeshifter)
  2 glowing orange brains (Vaults:4)
  An obsidian statue (Zot:5)
  A bunyip skeleton (Crypt:1)
  A shadow dragon zombie (Depths:3)
  A swamp dragon (Zig:2)
  2 bog bodies
  8 deep elf archers
  4 starcursed masses (Zig:4)
  2 fenstrider witch simulacra (Hell)
  25 harpies
  10 phantasmal warriors
  19 ironbound convokers
  7 lindwurms
  7 orc knights
  A golden dragon skeleton (Depths:3)
  9 wizards
  15 necromancers
  26 deep elf pyromancers
  29 deep elf zephyrmancers
  6 steelbarb worms
  A sphinx skeleton (Depths:3)
  13 orc sorcerers
  21 wolf spiders
  A faun (shapeshifter) (Depths:2)
  2 fire giant zombies
  4 tengu skeletons
  32 ugly things
  2 cyclopes (shapeshifter) (Vaults:5)
  A jorogumo skeleton (Crypt:3)
  A moth of wrath (shapeshifter) (Elf:3)
  4 shining eyes
  An oklob plant (Zot:2)
  7 cyclopes
  19 fauns
  23 moths of wrath
  16 manticores
  15 merfolk sirens
  3 elephants (Lair:5)
  6 eyes of devastation
  An eleionoma skeleton (Crypt:3)
  2 frost giant skeletons (D:15)
  3 water nymphs
  10 torpor snails
  A dire elephant zombie (Crypt:1)
  An eye of devastation (shapeshifter) (Depths:4)
  21 vault sentinels
  8 rust devils
  3 black mambas
  2 orange demons
  A centaur skeleton (Hell)
  11 cane toads
  10 demonic crawlers
  A dire elephant skeleton (Hell)
  An alligator snapping turtle zombie (Crypt:1)
  A titan simulacrum (Crypt:3)
  5 kobold demonologists (D:13)
  6 smoke demons
  A black draconian zombie (Crypt:2)
  3 rime drakes
  An unseen horror (D:12)
  12 komodo dragons
  A storm dragon simulacrum (Depths:3)
  A komodo dragon (shapeshifter) (D:13)
  An unseen horror zombie (Crypt:2)
  34 yaktaurs
  A tengu conjurer (D:14)
  An efreet (D:13)
  A spark wasp simulacrum (Depths:3)
  5 tormentors
  A yaktaur (shapeshifter) (Vaults:5)
  A guardian mummy (Crypt:3)
  4 freezing wraiths
  An anaconda simulacrum (Crypt:3)
  A harpy zombie (Hell)
  34 merfolk
  2 spectral glowing shapeshifters (Depths:3)
  2 queen bees
  A red devil (Hell)
  A meliai (shapeshifter) (Vaults:4)
  8 trolls
  A hellwing (Gauntlet)
  13 hornets
  7 meliai
  A harpy skeleton (Crypt:1)
  3 tyrant leeches (Lair:5)
  10 wind drakes
  29 tarantellas
  Grinder (D:6)
  3 polar bears
  An ettin zombie (Crypt:1)
  A snapping turtle (shapeshifter) (Zig:6)
  10 dream sheep
  An iron dragon simulacrum (Crypt:1)
  2 blink frogs (Lair:5)
  6 snapping turtles
  2 fire giant simulacra (Depths:3)
  A stone giant simulacrum (Crypt:1)
  36 jumping spiders
  2 air elementals
  27 culicivoras
  4 vampires
  2 centaur simulacra
  Sigmund (D:2)
  5 flying skulls (Crypt:1)
  2 shadows
  129 slime creatures
  5 spriggans
  A satyr skeleton (Crypt:2)
  31 water elementals
  3 wraiths
  41 yaks
  2 dire elephant simulacra
  4 hogs (Spider:2)
  4 steam dragons
  A yak (shapeshifter) (Vaults:4)
  Grum (D:8)
  2 basilisks
  A neqoxec (Zig:4)
  13 golden eyes
  3 fire elementals
  An alligator snapping turtle simulacrum (Hell)
  4 wyverns
  65 redbacks
  3 harpy simulacra
  A glowing shapeshifter zombie (Depths:3)
  4 wargs
  5 acid dragons
  A swamp worm (shapeshifter) (Vaults:5)
  A naga zombie (Crypt:1)
  15 water moccasins
  A hydra simulacrum (IceCv)
  4 hell hounds (Hell)
  A naga skeleton (Hell)
  2 floating eyes
  A merfolk skeleton (Crypt:3)
  A black bear (shapeshifter) (Vaults:5)
  Pargi (D:3)
  A swamp drake (Lair:5)
  18 orc warriors
  2 sky beasts
  8 ogres
  A dream sheep zombie (Crypt:1)
  6 centaurs
  15 wolves
  A snapping turtle skeleton (Crypt:2)
  A kobold brigand (D:9)
  7 bullfrogs
  5 necrophages
  An elf zombie (Crypt:3)
  3 earth elementals
  2 naga simulacra (Crypt:3)
  A gnoll sergeant (D:9)
  A water moccasin zombie (Crypt:3)
  11 wights
  A queen bee zombie (Crypt:2)
  A troll zombie (Crypt:2)
  2 elephant simulacra (IceCv)
  21 killer bees
  2 vampire bats (Lair:3)
  3 electric eels (Lair:5)
  7 howler monkeys
  7 hounds
  27 jellies
  8 iguanas
  24 orc priests
  4 gnoll boudas
  Jessica (D:3)
  Terence (D:2)
  Natasha (thrice) (D:2)
  40 orc wizards
  A polar bear simulacrum (IceCv)
  3 wolf simulacra (IceCv)
  An acid dragon skeleton (Crypt:2)
  An ogre skeleton (Crypt:2)
  12 mummies (Crypt:3)
  19 gnolls
  5 adders
  4 shadow imps
  5 white imps
  An ufetubus (D:5)
  2 jelly zombies (Crypt:1)
  6 worms
  8 dart slugs
  96 orcs
  4 ball pythons
  12 bats
  8 endoplasms
  8 giant cockroaches
  6 hobgoblins
  6 kobolds
  2 quokkas
  2 frilled lizards (D:1)
  9 goblins
  A goblin zombie (Crypt:2)
  An orc skeleton (Crypt:1)
  A quokka zombie (Crypt:2)
  5 rats
  A river rat skeleton (Crypt:3)
  6 fire vortices (Hell)
2590 creatures vanquished.

Vanquished Creatures (collateral kills)
  An emperor scorpion (Spider:3)
  A hydra (Lair:4)
  A death yak (Lair:5)
  A cyclops (D:12)
  A black mamba (Lair:4)
  3 dream sheep (Lair:5)
  3 blink frogs (Lair:5)
  5 yaks (Lair:4)
  A redback (Spider:2)
  An orc warrior (D:12)
  2 orc priests (D:12)
  3 orcs (D:12)
  2 goblins (D:12)
25 creatures vanquished.

Vanquished Creatures (others)
  A draconian knight (Zot:2)
  A yellow draconian (Zot:3)
  A soul eater (Depths:2)
  A wizard (Vaults:1)
  A swamp dragon (Lair:5)
  A deep elf zephyrmancer (Elf:2)
  A wolf spider (Spider:4)
  A manticore (Shoals:4)
  A hornet (Depths:4)
  A water elemental (Elf:1)
  A redback (Spider:2)
  An orc wizard (Orc:2)
  A creeping inferno (Hell)
  A fire vortex (Hell)
  13 fungi
  133 plants
  5 withered plants (D:15)
165 creatures vanquished.

Grand Total: 2780 creatures vanquished

Notes
Turn   | Place    | Note
-------+----------+-------------------------------------------
     0 | D:1      | Zonian the Demonspawn Ice Elementalist began the quest for
                  | the Orb.
     0 | D:1      | Reached XP level 1. HP: 13/13 MP: 3/3
   570 | D:1      | Gained mutation: A meltable shield of frost defends you.
                  | (SH +0) [demonic ancestry]
   570 | D:1      | Reached XP level 2. HP: 16/19 MP: 1/5
  1039 | D:1      | Found a faded altar of an unknown god.
  1382 | D:1      | Gained mutation: You have sharp fingernails. [demonic
                  | ancestry]
  1382 | D:1      | Reached XP level 3. HP: 5/24 MP: 1/6
  2871 | D:2      | Gained mutation: A meltable icy envelope protects you from
                  | harm. (AC +0) [demonic ancestry]
  2871 | D:2      | Reached XP level 4. HP: 24/30 MP: 7/7
  3163 | D:2      | Noticed Natasha
  3171 | D:2      | Killed Natasha
  3176 | D:2      | Noticed Sigmund
  3180 | D:2      | Killed Sigmund
  3181 | D:2      | Reached XP level 5. HP: 32/35 MP: 5/9
  3264 | D:2      | Noticed Natasha
  3277 | D:2      | Killed Natasha
  3278 | D:2      | Gained mutation: You are partially covered in razor-sharp
                  | scales. (AC +1, Slay +1) [demonic ancestry]
  3278 | D:2      | Reached XP level 6. HP: 41/41 MP: 9/11
  3341 | D:2      | Noticed Natasha
  3355 | D:2      | Killed Natasha
  3577 | D:2      | Noticed Terence
  3590 | D:2      | Killed Terence
  4093 | D:3      | Found an iron altar of Okawaru.
  4098 | D:3      | Found a shadowy altar of Dithmenos.
  4138 | D:3      | Found Ozaycoa's Magic Scroll Emporium.
  4145 | D:3      | Bought a scroll of fear for 52 gold pieces
  4188 | D:3      | Noticed Jessica
  4194 | D:3      | Killed Jessica
  4348 | D:3      | Noticed Pargi
  4406 | D:3      | Killed Pargi
  4553 | D:3      | Learned a level 3 spell: Frozen Ramparts
  4964 | D:4      | Reached skill level 5 in Ice Magic
  4964 | D:4      | Reached XP level 7. HP: 46/46 MP: 12/12
  4973 | D:4      | Learned a level 3 spell: Ozocubu's Armour
  5184 | D:4      | You fall into a shaft and drop 2 floors!
  5270 | D:6      | Found a staircase to the Ecumenical Temple.
  5276 | Temple   | Entered the Ecumenical Temple
  5735 | Temple   | Became a worshipper of Ashenzari the Shackled
  5832 | D:6      | Found Bunlel's Distillery.
  5841 | D:6      | Bought a potion of curing for 39 gold pieces
  5841 | D:6      | Bought a potion of heal wounds for 65 gold pieces
  5854 | D:5      | Entered Level 5 of the Dungeon
  7013 | D:5      | Reached XP level 8. HP: 34/52 MP: 14/14
  7525 | D:5      | Reached skill level 5 in Stealth
  7704 | D:5      | Reached * piety under Ashenzari
  8046 | D:6      | Reached skill level 5 in Spellcasting
  8102 | D:6      | Reached skill level 1 in Short Blades
  8718 | D:6      | Noticed Grinder
  8726 | D:6      | Killed Grinder
  8881 | D:6      | Reached ** piety under Ashenzari
  8966 | D:6      | Found Beriv's Jewellery Boutique.
  8980 | D:6      | Reached XP level 9. HP: 57/57 MP: 17/17
 11022 | D:7      | Found a transporter.
 11023 | D:7      | Found a transporter.
 11024 | D:7      | Noticed SkeletonJelly's ghost (novice DsCK)
 11041 | D:7      | Noticed a queen bee
 12304 | D:8      | Noticed Grum
 12333 | D:8      | Killed Grum
 12828 | D:8      | Reached XP level 10. HP: 63/63 MP: 20/20
 13312 | D:3      | Bought a scroll of teleportation for 39 gold pieces
 13312 | D:3      | Bought a scroll of blinking for 97 gold pieces
 13803 | D:9      | Reached skill level 5 in Short Blades
 14566 | D:9      | HP: 2/63 [yak (10)]
 15307 | D:10     | Entered Level 10 of the Dungeon
 15308 | D:10     | Reached *** piety under Ashenzari
 15477 | D:6      | Bought an amulet of reflection for 300 gold pieces
 16438 | D:10     | Learned a level 4 spell: Summon Ice Beast
 16438 | D:10     | Reached **** piety under Ashenzari
 16468 | D:10     | Noticed Gastronok
 16492 | D:10     | Found a sparkling altar of Nemelex Xobeh.
 16498 | D:10     | Found an opulent altar of Gozag.
 16502 | D:10     | Found a bloodstained altar of Trog.
 16511 | D:10     | Found a hide-covered altar of Uskayaw.
 16514 | D:10     | Found a radiant altar of Vehumet.
 16518 | D:10     | Found a shimmering altar of Xom.
 16560 | D:10     | Killed Gastronok
 16561 | D:10     | Reached skill level 1 in Summonings
 16561 | D:10     | Reached XP level 11. HP: 57/68 MP: 21/21
 16761 | D:10     | Noticed a two-headed ogre
 16775 | D:10     | Killed a two-headed ogre
 16845 | D:11     | Identified the Compendium of Power and the Lithosphere
 16897 | D:11     | Paralysed by a hornet for 2 turns
 17969 | D:11     | Noticed a two-headed ogre
 18010 | D:11     | Killed a two-headed ogre
 18011 | D:11     | Reached skill level 10 in Stealth
 18011 | D:11     | Found a staircase to the Lair.
 18058 | D:11     | Reached skill level 10 in Ice Magic
 18262 | D:11     | Noticed a two-headed ogre
 18277 | D:11     | Killed a two-headed ogre
 18781 | Lair:1   | Entered Level 1 of the Lair of Beasts
 19177 | Lair:1   | Identified the +7 glaive of Anger {elec, *Rage rElec Dex+4}
 20638 | Lair:2   | Learned a level 5 spell: Freezing Cloud
 20775 | Lair:2   | Reached skill level 1 in Fighting
 20775 | Lair:2   | Reached skill level 1 in Conjurations
 20781 | Lair:2   | Reached skill level 1 in Air Magic
 20781 | Lair:2   | Reached XP level 12. HP: 73/79 MP: 24/24
 21660 | D:6      | Bought a +5 ring of evasion for 360 gold pieces
 22607 | Lair:3   | Noticed a seven-headed hydra
 22785 | Lair:3   | Found a hole to the Spider Nest.
 22989 | Lair:3   | Noticed Urug
 23006 | Lair:3   | Killed Urug
 23081 | Lair:3   | Noticed a five-headed hydra
 23277 | Lair:3   | Found a runed translucent door.
 23283 | Lair:3   | Noticed bande's ghost (journeyman GrFi)
 23287 | Lair:3   | Identified the +6 trident "Lylomm" {heavy, Fragile rCorr
                  | Str+8}
 23518 | Lair:3   | Found a staircase to the Shoals.
 23898 | Lair:3   | Killed a five-headed hydra
 23956 | Lair:3   | Killed a seven-headed hydra
 24441 | Lair:4   | Noticed a five-headed hydra
 24473 | Lair:4   | Killed a five-headed hydra
 24474 | Lair:4   | Reached skill level 5 in Conjurations
 24635 | Lair:4   | Reached XP level 13. HP: 99/99 MP: 25/27
 25065 | Lair:4   | Identified the ring of Mottufra {Ice Stlth+}
 25804 | Lair:4   | Learned a level 3 spell: Mephitic Cloud
 25812 | Lair:4   | Learned a level 7 spell: Ozocubu's Refrigeration
 25840 | Lair:5   | Entered Level 5 of the Lair of Beasts
 26473 | Lair:5   | Noticed a fire dragon
 26868 | Lair:5   | Found a viscous altar of Jiyva.
 26868 | Lair:5   | Found a staircase to the Slime Pits.
 27006 | Lair:5   | Found a runed translucent door.
 27996 | Lair:5   | Identified the +5 ring mail of Goferghur {Stlth+}
 28012 | Lair:5   | Reached skill level 1 in Armour
 28101 | Lair:5   | Paralysed by a hornet for 1 turns
 28777 | Lair:5   | Gained mutation: You have very sharp fingernails. [demonic
                  | ancestry]
 28777 | Lair:5   | Reached XP level 14. HP: 82/106 MP: 28/28
 30266 | D:12     | Found a staircase to the Orcish Mines.
 30273 | D:12     | Reached skill level 10 in Short Blades
 30670 | D:12     | Found a shimmering blue altar of Sif Muna.
 31403 | D:13     | Found a transporter.
 31448 | D:13     | Found a frozen archway.
 31499 | D:13     | Reached skill level 5 in Air Magic
 31615 | IceCv    | Entered an ice cave
 32464 | D:13     | Found a transporter.
 32682 | D:13     | Found a gate to the Vaults.
 33207 | D:14     | Found a gate leading to a gauntlet.
 33227 | Gauntlet | Entered a Gauntlet
 33227 | Gauntlet | Found a transporter.
 33230 | Gauntlet | Found a transporter.
 33365 | Gauntlet | Found a runed translucent door.
 33371 | Gauntlet | Found a transporter.
 33371 | Gauntlet | Found a transporter.
 33382 | Gauntlet | Identified the amulet of Usoust {Spirit Harm Str+7 Dex-3
                  | Stlth+}
 33429 | Gauntlet | Noticed a reaper
 33432 | Gauntlet | Found a transporter.
 33481 | Gauntlet | Killed a reaper
 33865 | D:14     | Learned a level 3 spell: Stone Arrow
 34131 | D:14     | Reached skill level 1 in Evocations
 34136 | D:14     | Reached ***** piety under Ashenzari
 35575 | D:14     | Found the +5 scythe "Finisher" {speed, eviscerate}
 35584 | D:14     | Noticed a reaper
 35594 | D:14     | Killed a reaper
 35595 | D:14     | Reached skill level 10 in Conjurations
 35811 | D:15     | Entered Level 15 of the Dungeon
 35941 | D:15     | Gained mutation: You are mostly covered in razor-sharp
                  | scales. (AC +2, Slay +2) [demonic ancestry]
 35941 | D:15     | Reached XP level 15. HP: 113/113 MP: 30/30
 36186 | D:15     | Found a staircase to the Depths.
 38308 | Orc:1    | Entered Level 1 of the Orcish Mines
 38347 | Orc:2    | Entered Level 2 of the Orcish Mines
 38450 | Orc:2    | Found a staircase to the Elven Halls.
 38606 | Orc:2    | Found Ophakh's Antique Armour Shoppe.
 38614 | Orc:2    | Bought a twisted leather armour for 238 gold pieces
 38614 | Orc:2    | Identified the +1 leather armour of the Evening {Int+3}
                  | (You bought it in a shop on level 2 of the Orcish Mines)
 38734 | Orc:2    | Found Xisoamor's Antique Weapon Shop.
 38833 | Orc:2    | Found Ciot's Book Boutique.
 38865 | Orc:2    | Found an ancient bone altar of Kikubaaqudgha.
 38866 | Orc:2    | Noticed Nergalle
 38897 | Orc:2    | Killed Nergalle
 39060 | Orc:2    | Noticed Saint Roka
 39208 | Orc:2    | Killed Saint Roka
 39240 | Orc:2    | Paralysed by an orc sorcerer for 4 turns
 39248 | Orc:2    | Found Zeag's Distillery.
 39321 | Orc:2    | Found Ukkat's Distillery.
 39329 | Orc:2    | Bought a potion of haste for 140 gold pieces
 39374 | Orc:2    | Found a radiant altar of Vehumet.
 39524 | Orc:1    | Noticed Snorg
 39554 | Orc:1    | Killed Snorg
 40055 | Orc:1    | Found a transporter.
 40056 | Orc:1    | Found a transporter.
 40174 | Orc:1    | Identified the +3 helmet of Death's Door {MP-9 Str+7 Int+4
                  | Stlth+}
 40273 | Orc:2    | Bought a pair of embroidered gloves for 255 gold pieces
 40337 | Orc:2    | Bought a potion of curing for 42 gold pieces
 40337 | Orc:2    | Bought a potion of curing for 42 gold pieces
 40532 | Spider:1 | Entered Level 1 of the Spider Nest
 40558 | Spider:1 | Reached skill level 15 in Ice Magic
 41420 | Spider:1 | Reached skill level 5 in Fighting
 42878 | D:7      | Killed SkeletonJelly's ghost
 44191 | Orc:1    | Gained mutation: You are partially covered in sharp spines.
                  | [demonic ancestry]
 44191 | Orc:1    | Reached XP level 16. HP: 116/120 MP: 31/31
 44627 | Orc:1    | Learned a level 5 spell: Arcjolt
 46902 | Spider:2 | Noticed Kirke
 46907 | Spider:2 | Killed Kirke
 49306 | Spider:2 | Identified a scroll of acquirement
 49748 | Spider:2 | Acquired the +2 buckler "Epluuder" {rN++ Will+}
 50150 | Spider:3 | Reached skill level 1 in Shields
 50210 | Spider:3 | Reached skill level 5 in Dodging
 52257 | Spider:3 | Learned a level 5 spell: Irradiate
 52401 | Spider:3 | Reached skill level 1 in Transmutations
 53662 | Spider:4 | Entered Level 4 of the Spider Nest
 54727 | Spider:4 | Noticed Nikola
 54753 | Spider:4 | Killed Nikola
 55257 | Spider:4 | Reached XP level 17. HP: 135/135 MP: 35/35
 55397 | Spider:4 | Noticed Aizul
 55880 | Spider:4 | Killed Aizul
 56266 | Spider:4 | Reached skill level 5 in Transmutations
 58009 | Spider:4 | Found the +0 pair of fencer's gloves {Riposte Dex+3}
 58023 | Spider:4 | Got a gossamer rune of Zot
 58028 | Spider:4 | Reached XP level 18. HP: 148/148 MP: 36/37
 58499 | Shoals:1 | Entered Level 1 of the Shoals
 60157 | Shoals:2 | Learned a level 5 spell: Lightning Bolt
 60354 | Shoals:2 | Noticed Ilsuiw
 60392 | Shoals:2 | Killed Ilsuiw
 61149 | Shoals:2 | Noticed Polyphemus
 61454 | Shoals:2 | Killed Polyphemus
 62606 | Shoals:3 | Reached skill level 1 in Necromancy
 63141 | Shoals:3 | Found Muppeo's Antique Weapon Boutique.
 63265 | Shoals:3 | Gained mutation: You have claws for hands. [demonic
                  | ancestry]
 63265 | Shoals:3 | Reached XP level 19. HP: 145/152 MP: 34/38
 63709 | Shoals:4 | Entered Level 4 of the Shoals
 63871 | Shoals:4 | Reached skill level 10 in Spellcasting
 63873 | Shoals:4 | Reached skill level 1 in Earth Magic
 64050 | Shoals:4 | Reached skill level 5 in Necromancy
 64431 | Shoals:4 | Reached skill level 1 in Unarmed Combat
 64467 | Shoals:4 | Reached skill level 2 in Unarmed Combat
 64497 | Shoals:4 | Got a barnacled rune of Zot
 64641 | Shoals:4 | Reached skill level 3 in Unarmed Combat
 65571 | Elf:1    | Entered Level 1 of the Elven Halls
 65571 | Elf:1    | Noticed Asterion
 66118 | Elf:1    | Killed Asterion
 66120 | Elf:1    | Reached skill level 4 in Unarmed Combat
 66835 | Elf:1    | Found Usiphala's Jewellery Shoppe.
 67198 | Elf:1    | Noticed Jorgrun
 67234 | Elf:1    | Killed Jorgrun
 67680 | Elf:1    | Reached skill level 5 in Unarmed Combat
 68111 | Elf:1    | Reached skill level 6 in Unarmed Combat
 68262 | Elf:1    | Identified Dispater's Parchment of Phantasms
 68325 | Elf:1    | Found Megamiki's Antique Weapon Shop.
 68327 | Elf:1    | Found Ibbases's Antique Armour Boutique.
 68329 | Elf:1    | Found Javic's Weapon Shop.
 68335 | Elf:1    | Bought an embroidered scarf for 336 gold pieces
 69045 | Elf:2    | Reached skill level 7 in Unarmed Combat
 69725 | Elf:2    | Found Odaziuco's Jewellery Emporium.
 70091 | Elf:2    | Learned a level 5 spell: Borgnjor's Vile Clutch
 70161 | Elf:2    | Found a runed translucent gate.
 70165 | Elf:2    | Found a runed translucent gate.
 70171 | Elf:2    | Found a runed translucent gate.
 70259 | Elf:3    | Entered Level 3 of the Elven Halls
 70370 | Elf:3    | Reached skill level 8 in Unarmed Combat
 70457 | Elf:3    | Noticed a juggernaut
 70462 | Elf:3    | a juggernaut changed into a titan
 70464 | Elf:3    | a titan changed into a juggernaut
 70464 | Elf:3    | Noticed a juggernaut (glowing shapeshifter)
 70468 | Elf:3    | a juggernaut changed into a titan
 70470 | Elf:3    | a titan changed into a shard shrike
 70470 | Elf:3    | Noticed a shard shrike (glowing shapeshifter)
 70476 | Elf:3    | Killed a shard shrike
 70675 | Elf:3    | Found Arruvic's Assorted Antiques.
 70688 | Elf:3    | Bought a potion of haste for 370 gold pieces
 70688 | Elf:3    | Bought a potion of heal wounds for 185 gold pieces
 71864 | Elf:3    | Gained mutation: You are mostly covered in sharp spines.
                  | [demonic ancestry]
 71864 | Elf:3    | Reached XP level 20. HP: 159/159 MP: 40/40
 72157 | Elf:3    | Reached skill level 9 in Unarmed Combat
 72671 | Elf:3    | Identified the amulet "Ronuv" {Acrobat +Blink rF+ Int+2}
 72868 | Elf:3    | Identified the +9 long sword "Idghu" {flame, *Noise Int+7}
 73279 | Elf:3    | Identified the +0 plate armour of Xom's Hope {rPois rC+}
 73873 | Elf:3    | Reached skill level 10 in Unarmed Combat
 73949 | Elf:3    | Identified the ring of Mugomo {rF+ rN+ AC+4 Str+2}
 74672 | Elf:3    | Identified the +6 chain mail of the Guild-Master {Rampage
                  | Str+2 Int+3 Dex-4}
 74672 | Elf:3    | Identified the ring of Lamey {rPois rF+ EV+5 Int+3}
 74774 | Elf:3    | Reached skill level 11 in Unarmed Combat
 74943 | Elf:3    | Identified the +1 scale mail of Ror Xegu {Harm rC- rCorr
                  | Int+4}
 74943 | Elf:3    | Identified the Compendium of Orogeny and Chilblains
 75096 | Elf:3    | Identified the Octavo of the Icicle
 77061 | Elf:2    | Reached skill level 10 in Fighting
 77872 | Vaults:1 | Entered Level 1 of the Vaults
 78258 | Vaults:1 | Noticed Zenata
 78274 | Vaults:1 | Killed Zenata
 78275 | Vaults:1 | Reached skill level 12 in Unarmed Combat
 80600 | Vaults:1 | Identified the +12 dagger "Enorhul" {flame, rC+ rN+ rCorr}
 80630 | Vaults:1 | Reached skill level 13 in Unarmed Combat
 81322 | Vaults:2 | Gained mutation: Your hexes are more powerful. [demonic
                  | ancestry]
 81322 | Vaults:2 | Reached XP level 21. HP: 152/171 MP: 20/38
 82322 | Vaults:2 | Found a staircase to the Crypt.
 83006 | Vaults:2 | Reached skill level 14 in Unarmed Combat
 84557 | Vaults:3 | Reached skill level 15 in Unarmed Combat
 85117 | Vaults:3 | Identified the +6 quarterstaff "Hydra's Death Toll" {flame,
                  | rF+ MP+9 Dex+3}
 85934 | Vaults:3 | Found Saem's Jewellery Shop.
 86058 | Vaults:3 | Reached skill level 16 in Unarmed Combat
 87839 | Vaults:4 | Reached skill level 17 in Unarmed Combat
 88431 | Vaults:4 | Identified the ring of Usega {Fire rN+ Str-5 Int+4}
 88567 | Vaults:4 | Identified the ring of Beacoife {Ice Drain rN+ Dex+3}
 88956 | Vaults:4 | Paralysed by a floating eye for 4 turns
 88989 | Vaults:4 | Reached XP level 22. HP: 145/181 MP: 41/41
 89075 | Vaults:4 | Identified the +1 shortbow of the Last Servitors
                  | {antimagic, Fly rF+ Str-5 Stlth+}
 89342 | Vaults:4 | Reached skill level 18 in Unarmed Combat
 89680 | Vaults:4 | Found Ocwai's Weapon Boutique.
 89693 | Vaults:4 | Found a runed translucent gate.
 89693 | Vaults:4 | Found a runed translucent gate.
 89695 | Vaults:4 | Found a runed translucent gate.
 89697 | Vaults:4 | Noticed Joetwoph's ghost (veteran OgTm)
 89702 | Vaults:4 | Identified the +1 cloak "Rieci" {Dex+3}
 90282 | Vaults:4 | Noticed Bai Suzhen
 90319 | Vaults:4 | Killed Bai Suzhen
 91566 | Vaults:5 | Entered Level 5 of the Vaults
 91571 | Vaults:5 | Reached skill level 15 in Fighting
 91571 | Vaults:5 | Reached skill level 5 in Evocations
 92312 | Vaults:5 | Noticed a golden dragon
 92663 | Vaults:5 | Identified the ring "Xoitsio" {rC+ Will+ Str+4 Stlth+}
 92663 | Vaults:5 | Noticed Frederick
 93124 | Vaults:5 | Noticed an ancient lich
 93136 | Vaults:5 | Identified the Compilation of the Coward and the Crypt
 93136 | Vaults:5 | Identified the +7 spear of the Realm of Zot {freeze,
                  | *Corrode rPois Str-3 Dex+8}
 93138 | Vaults:5 | Identified the +1 leather armour of Beogh's Delight {Int+3
                  | Stlth+}
 93592 | Vaults:5 | Killed an ancient lich
 93603 | Vaults:5 | Learned a level 4 spell: Dispel Undead
 93749 | Vaults:5 | Killed Frederick
 93969 | Vaults:5 | Gained mutation: Your melee attacks may debilitate your
                  | foes. [demonic ancestry]
 93969 | Vaults:5 | Reached XP level 23. HP: 112/196 MP: 43/43
 95471 | Vaults:5 | Got a silver rune of Zot
 95676 | Vaults:5 | Identified the +1 helmet of Ygibipri {Slay+3}
 96957 | Depths:1 | Entered Level 1 of the Depths
 97426 | Depths:1 | Found Jozaop's Antique Armour Emporium.
 98027 | Depths:1 | Found a gateway to Hell.
100076 | Depths:2 | Acquired Unyrom's Advanced Steps in Incantation
100774 | Depths:2 | Reached skill level 15 in Spellcasting
100807 | Depths:2 | Identified the +1 plate armour "Ecrinige" {+Blink rC+
                  | Str+2}
101152 | Depths:2 | Found the +5 glaive of the Guard {elec, spectral, AC+5}
101324 | Depths:2 | Found a one-way gate leading to the halls of Pandemonium.
101607 | Depths:3 | Found Neraunun's Weapon Shoppe.
102018 | Depths:3 | Found a sacrificial altar of Ru.
102351 | Depths:3 | Found a one-way gate to the infinite horrors of the Abyss.
102986 | Depths:3 | Found an ancient bone altar of Kikubaaqudgha.
103010 | Depths:3 | Gained mutation: A meltable icy envelope protects you from
                  | harm. (AC +0) [demonic ancestry]
103010 | Depths:3 | Reached XP level 24. HP: 195/204 MP: 46/47
103515 | Depths:3 | Identified the +1 ring mail of Fumecut {rF+ Regen+}
104120 | Depths:3 | Learned a level 6 spell: Iron Shot
104923 | Depths:3 | Identified the +4 scimitar "Ixzophas" {freeze, +Blink rPois
                  | rN++ Str-4}
104923 | Depths:3 | Identified the Codex of Concussion
105243 | Depths:4 | Entered Level 4 of the Depths
105243 | Depths:4 | Found Jontahi's Jewellery Emporium.
105246 | Depths:4 | Found Ruocwei's Book Shop.
105247 | Depths:4 | Found Jized's Jewellery Emporium.
105256 | Depths:4 | Bought a book of Spatial Translocations for 378 gold pieces
105261 | Depths:4 | Learned a level 2 spell: Blink
105342 | Depths:4 | Acquired 644 gold pieces
105404 | Depths:4 | Reached skill level 10 in Necromancy
106454 | Depths:4 | Found a gate to the Realm of Zot.
107375 | Depths:4 | Found a one-way gateway to a ziggurat.
107375 | Depths:4 | Noticed a dread lich
107716 | Depths:4 | Found a blossoming altar of Fedhas.
107749 | Depths:4 | Killed a dread lich
108653 | Crypt:1  | Entered Level 1 of the Crypt
108680 | Crypt:1  | Upgraded the game from 0.30-a0-639-g3916f1956a to
                  | 0.30-a0-652-gcc886f7154
108992 | Slime:1  | Entered Level 1 of the Pits of Slime
110696 | Slime:4  | Noticed Dissolution
110699 | Slime:4  | Killed Dissolution
112023 | Slime:5  | Entered Level 5 of the Pits of Slime
114176 | Slime:5  | Learned a level 9 spell: Polar Vortex
114477 | Slime:5  | Noticed the Royal Jelly
114619 | Slime:5  | Killed the Royal Jelly
114620 | Slime:5  | Gained mutation: You are completely covered in razor-sharp
                  | scales. (AC +3, Slay +3) [demonic ancestry]
114620 | Slime:5  | Reached XP level 25. HP: 80/210 MP: 4/48
115681 | Slime:5  | Identified the +3 flail "Cupiodoc" {protect, Fragile rPois
                  | rF+++ Dex+2}
115681 | Slime:5  | Identified the +4 sling "Killer Bee's Foe" {freeze, rC++
                  | Str+2 Int-4}
115681 | Slime:5  | Identified the +1 chain mail "Vubeesiw" {rElec rN+ Dex-3
                  | Slay+3}
115689 | Slime:5  | Got a slimy rune of Zot
115706 | Slime:5  | Gained mutation: You expend magic power (3 MP) to
                  | strengthen your wands. [a shining eye]
116897 | Crypt:1  | Reached skill level 19 in Unarmed Combat
117590 | Crypt:1  | Found a runed translucent door.
117600 | Crypt:1  | Noticed Luix's ghost (veteran MiGl)
118009 | Crypt:1  | Found a basalt altar of Yredelemnul.
119170 | Crypt:2  | Reached skill level 20 in Unarmed Combat
119685 | Crypt:2  | Identified the +1 buckler "Jagullov" {rElec Slay+4 Stlth+}
119912 | Crypt:3  | Entered Level 3 of the Crypt
119955 | Crypt:3  | Noticed Mennas
119996 | Crypt:3  | Killed Mennas
120496 | Crypt:3  | Noticed Margery
120581 | Crypt:3  | HP: 10/210 [flayed ghost/flay_damage[a vampire mage] (1)]
120629 | Crypt:3  | Found a staircase to the Tomb.
120687 | Crypt:3  | Reached skill level 21 in Unarmed Combat
120693 | Crypt:3  | Identified the ring of Juebetue {Ice Fly}
120693 | Crypt:3  | Noticed Josephina
120711 | Crypt:3  | Killed Josephina
120988 | Crypt:3  | Killed Margery
121491 | Crypt:3  | Found a runed translucent gate.
121492 | Crypt:3  | Found a runed translucent gate.
121493 | Crypt:3  | Found a runed translucent gate.
121494 | Crypt:3  | Found an ancient bone altar of Kikubaaqudgha.
121495 | Crypt:3  | Noticed Dugafar's ghost (adept GrFi)
121495 | Crypt:3  | Identified the +2 hat of the Albatross {Str+4 Int+4}
121521 | Crypt:3  | Noticed Hali's ghost (veteran FoFi)
121526 | Crypt:3  | Noticed an ancient lich
121526 | Crypt:3  | Noticed an ancient lich
121528 | Crypt:3  | Identified the amulet "Cuanir" {RegenMP rPois Str-2 Stlth+}
122038 | Crypt:3  | Found a basalt altar of Yredelemnul.
122042 | Crypt:3  | Found an ancient bone altar of Kikubaaqudgha.
122200 | Crypt:3  | Identified the +1 hand axe "Zoxoh" {drain, SInv}
122200 | Crypt:3  | Identified the +8 dagger "Z" {protect, rElec Will+}
122252 | Crypt:3  | Identified the ring "Segubbod" {rF+ rN+ Dex+2}
122253 | Crypt:3  | Found the +8 autumn katana {manifold assault}
122756 | Crypt:3  | Killed Dugafar's ghost
122757 | Crypt:3  | Reached skill level 22 in Unarmed Combat
122817 | Crypt:3  | Killed an ancient lich
122894 | Crypt:3  | Killed Hali's ghost
122997 | Crypt:3  | Killed an ancient lich
123528 | Zot:1    | Entered Level 1 of the Realm of Zot
123729 | Zot:1    | Reached skill level 10 in Evocations
123733 | Zot:1    | Gained mutation: You are completely covered in sharp
                  | spines. [demonic ancestry]
123733 | Zot:1    | Reached XP level 26. HP: 106/218 MP: 48/48
125187 | Zot:2    | HP: 7/218 [black draconian knight/+1 great sword of holy
                  | wrath[a black draconian knight] (4)]
125942 | Zot:2    | Upgraded the game from 0.30-a0-652-gcc886f7154 to
                  | 0.30-a0-702-gdf48620a09
130169 | Hell     | Entered the Vestibule of Hell
130169 | Hell     | Noticed Geryon
130180 | Depths:4 | Reached skill level 5 in Shields
130730 | Hell     | Killed Geryon
131017 | Hell     | Gained mutation: You are clumsy. (Dex -2) [a cacodemon]
133044 | Hell     | Paralysed by a wendigo for 1 turns
133196 | Hell     | Found a gateway to the Iron City of Dis.
133256 | Hell     | Found a gateway to the freezing wastes of Cocytus.
133639 | Hell     | Found a gateway to the decaying netherworld of Tartarus.
133673 | Hell     | Reached skill level 5 in Earth Magic
134206 | Hell     | Found a gateway to the ashen valley of Gehenna.
134333 | Zig:1    | Entered Level 1 of a ziggurat
134355 | Zig:2    | Entered Level 2 of a ziggurat
134364 | Zig:2    | Reached skill level 1 in Long Blades
134385 | Zig:3    | Entered Level 3 of a ziggurat
134388 | Zig:3    | Noticed a juggernaut
134396 | Zig:3    | Killed a juggernaut
134518 | Zig:4    | Entered Level 4 of a ziggurat
134522 | Zig:4    | Gained mutation: Your body sometimes deteriorates upon
                  | taking damage. [a neqoxec]
134861 | Zig:5    | Entered Level 5 of a ziggurat
134866 | Zig:5    | Noticed Lulirom the pandemonium lord
134874 | Zig:5    | Killed Lulirom the pandemonium lord
135621 | Zig:6    | Entered Level 6 of a ziggurat
135625 | Zig:6    | Noticed an ancient lich
135626 | Zig:6    | Identified the +1 glaive of Quick Death {flame, Fly rElec
                  | Dex+2}
135626 | Zig:6    | Identified the +1 chain mail "Huipotump" {Contam Harm Will+
                  | SInv}
135645 | Zig:6    | Killed an ancient lich
135646 | Zig:6    | Reached skill level 5 in Long Blades
135649 | Zig:6    | Reached skill level 10 in Dodging
135649 | Zig:6    | Gained mutation: You are surrounded by an aura of silence.
                  | [demonic ancestry]
135649 | Zig:6    | Reached XP level 27. HP: 77/224 MP: 34/48
136106 | Zig:7    | Entered Level 7 of a ziggurat
136113 | Zig:7    | Noticed Oxeziske the pandemonium lord
136135 | Zig:7    | Killed Oxeziske the pandemonium lord
136601 | Zig:7    | Acquired a book of Dangerous Friends
136603 | Zig:7    | Acquired a book of Decay
136605 | Zig:7    | Acquired a book of Touch
136617 | Zig:8    | Entered Level 8 of a ziggurat
136644 | Zig:8    | Found the macabre finger necklace {Finger+ rN+}
136646 | Zig:8    | Identified the Atlas of the Dragon
136909 | Zig:9    | Entered Level 9 of a ziggurat
136920 | Zig:9    | Noticed a dread lich
136920 | Zig:9    | Identified the +10 scimitar "Yroic" {spect, Str+5}
136937 | Zig:9    | Killed a dread lich
138855 | Zot:3    | Acquired Vehumet's Secrets of Blasting
139203 | Vaults:1 | Learned a level 5 spell: Lee's Rapid Deconstruction
139207 | Vaults:1 | Learned a level 3 spell: Vampiric Draining
140614 | Zot:4    | Noticed an orb of fire
141101 | Zot:4    | Killed an orb of fire
141192 | Zot:4    | Noticed an orb of fire
141203 | Zot:4    | Gained mutation: You sometimes lose your temper in combat.
                  | [an orb of fire]
141205 | Zot:4    | Killed an orb of fire
141215 | Zot:4    | Reached skill level 10 in Earth Magic
141353 | Zot:4    | Acquired the +1 pair of boots "Waoty" {Int-2 Dex+6}
141456 | Zot:4    | Found a transporter.
141457 | Zot:4    | Identified the ring of Seigiob {rF+ MP+9}
141458 | Zot:4    | Identified the amulet "Rainelul" {RegenMP rN+++ Int-3
                  | Slay+5}
141634 | Zot:4    | Found a transporter.
141836 | Zot:4    | Noticed a dread lich
141842 | Zot:4    | Noticed an orb of fire
141846 | Zot:4    | Gained mutation: You have an uncontrollable temper. [an orb
                  | of fire]
142246 | Zot:5    | Entered Level 5 of the Realm of Zot
142298 | Zot:5    | Lost mutation: You expend magic power (3 MP) to strengthen
                  | your wands. [potion of mutation]
142298 | Zot:5    | Lost mutation: You have an uncontrollable temper. [potion
                  | of mutation]
142298 | Zot:5    | Lost mutation: You are clumsy. (Dex -2) [potion of
                  | mutation]
142298 | Zot:5    | Gained mutation: You have large cloven feet. [potion of
                  | mutation]
142299 | Zot:5    | Lost mutation: You sometimes lose your temper in combat.
                  | [potion of mutation]
142299 | Zot:5    | Lost mutation: You have large cloven feet. [potion of
                  | mutation]
142299 | Zot:5    | Lost mutation: Your body sometimes deteriorates upon taking
                  | damage. [potion of mutation]
142299 | Zot:5    | Gained mutation: You do not regenerate when monsters are
                  | visible. [potion of mutation]
142299 | Zot:5    | Gained mutation: You are frail. (-10% HP) [potion of
                  | mutation]
142299 | Zot:5    | Gained mutation: Your flesh is cold resistant. (rC+)
                  | [potion of mutation]
142771 | Vaults:4 | Lost mutation: You are frail. (-10% HP) [potion of
                  | mutation]
142771 | Vaults:4 | Lost mutation: Your flesh is cold resistant. (rC+) [potion
                  | of mutation]
142771 | Vaults:4 | Lost mutation: You do not regenerate when monsters are
                  | visible. [potion of mutation]
142771 | Vaults:4 | Gained mutation: You have a pair of small antennae on your
                  | head. [potion of mutation]
142771 | Vaults:4 | Lost mutation: You have a pair of small antennae on your
                  | head. [potion of mutation]
142771 | Vaults:4 | Gained mutation: Your magical capacity is low. (-10% MP)
                  | [potion of mutation]
142771 | Vaults:4 | Gained mutation: You have large cloven feet. [potion of
                  | mutation]
143214 | Zot:5    | Found a runed translucent gate.
143214 | Zot:5    | Found a runed translucent gate.
143214 | Zot:5    | Noticed an ancient lich
143215 | Zot:5    | Found a runed translucent gate.
143216 | Zot:5    | Identified the +2 helmet of Xynnes {*Corrode Regen+ MP+9}
143217 | Zot:5    | Noticed hikkokomori's ghost (legendary FoFi)
143644 | Orc:2    | Bought a potion of invisibility for 112 gold pieces
144091 | Zot:5    | Reached skill level 1 in Throwing
145437 | Zot:5    | Noticed a dread lich
145446 | Zot:5    | Noticed an orb of fire
145451 | Zot:5    | Reached skill level 5 in Throwing
145458 | Zot:5    | Noticed an orb of fire
145459 | Zot:5    | HP: 10/228 [Orb Guardian (16)]
145464 | Zot:5    | Noticed an orb of fire
145464 | Zot:5    | HP: 6/228 [orb of fire/bolt of fire (8)]
145464 | Zot:5    | Gained mutation: You are weak. (Str -2) [an orb of fire]
145466 | Zot:5    | Killed from afar by an electric golem

Illustrated notes

Levels and vault maps discovered:
D:1:      scummos_arrival_forest, layout_basic,
          hellmonk_ecumenical_altar_lost_god
D:2:      layout_basic, hangedman_decor_growths, uniq_sigmund, uniq_natasha,
          uniq_terence
D:3:      layout_loops_ring, nicolae_overflow_hidden_temple, serial_shops, shop,
          grunt_decor_mini_mirrors, uniq_pargi, uniq_jessica
D:4:      layout_basic
D:5:      layout_basic
D:6:      layout_basic, minmay_temple_entry_enclosed_plants, serial_shops,
          nicolae_shop_statue_plus, kennysheep_mini_moat, uniq_grinder
D:7:      layout_loops_ring, gammafunk_ghost_hive
D:8:      layout_basic, uniq_grum
D:9:      layout_big_octagon
D:10:     layout_cave_pools, nicolae_overflow_hallway_of_the_gods,
          uniq_gastronok
D:11:     layout_long_grid, david_lair_shrubbed
D:12:     layout_small_grid, erik_orc_4, nicolae_sif_muna_condensation
D:13:     gammafunk_wand_slinger, layout_basic, david_vaults_5,
          portal_ice_cave_entry_animals_and_master
D:14:     nicolae_BIG_FREAKIN_CUBE, layout_stronghold, gauntlet_entry_generic,
          minmay_guarded_unrand_finisher
D:15:     gammafunk_depths_entry_grave, layout_loops_corners, solitary_fountain,
          hangedman_decor_opposing
Temple:   nicolae_temple_slightly_damp_pantheon
Lair:1:   layout_long_grid, grunt_megastairs_2
Lair:2:   layout_gridlike, beast_lair_carwin_8
Lair:3:   layout_regular_city, elwin_shoals_entry_stream,
          hellmonk_spider_entry_life_and_decay, ebering_ghost_funeral_grove,
          roderic_batcave, uniq_urug
Lair:4:   layout_cave_pods, special_room [special_room_bee], grunt_megastairs_3,
          infiniplex_staircase_pool_2
Lair:5:   guppyfry_lair_end_dragon, layout_gridlike, wormcave,
          dpeg_slime_entry_enclosed, patterned_corridor, lemuel_fruit_tree,
          serial_bayou_shore_a, serial_bayou_shore_b
Shoals:1: layout_shoals, nicolae_shoals_flooded_hall
Shoals:2: layout_shoals, uniq_ilsuiw, uniq_polyphemus
Shoals:3: layout_shoals, serial_shops, shop
Shoals:4: shoals_end_hellmonk_lost_city
Spider:1: layout_spider_delve, drop_trap
Spider:2: layout_spider_delve, nicolae_spider_shape, uniq_kirke
Spider:3: layout_chambers, nicolae_spider_checkerboard
Spider:4: grunt_spider_rune_parallel, uniq_aizul, uniq_nikola
Slime:1:  layout_caves
Slime:2:  layout_caves
Slime:3:  layout_caves
Slime:4:  layout_caves, dissolution_awaits
Slime:5
Orc:1:    gammafunk_beogh_shrine, layout_diamond_mine, enter_volcano_4,
          basic_altar, uniq_snorg
Orc:2:    kennysheep_orc_mage_school, layout_caves, basic_altar, serial_shops,
          shop, uniq_saint_roka
Elf:1:    minmay_elf_arrival_circle, layout_rooms, serial_shops,
          nicolae_shop_statue_plus, minmay_elf_demonology, minmay_shop_star,
          uniq_jorgrun, uniq_asterion
Elf:2:    elven_hall_of_blades_hangedman_original
          [nicolae_vaults_blade_armed_guards], layout_loops_cross, serial_shops,
          nicolae_shop_trees
Elf:3:    minmay_elf_hall_hex, layout_geoelf_castle, serial_shops, shop_statue
Vaults:1: vaults_room_boxed, nicolae_vaults_ring_of_whatevers, v_misc_1, st_eye,
          vaults_dpeg_diagonal, vaults_room_grunt_arrival_ludios,
          layout_vaults_chaotic_city, uniq_zenata
Vaults:2: vaults_dpeg_emergency_exit, minmay_crypt_entry_simple_round,
          vaults_room_pools, nicolae_vaults_specimen_jars,
          hangedman_vaults_slice, v_misc_23, vaults_mumra_lcd,
          dpeg_vaults_monster_row, hangedman_vaults_pinch, vaults_dpeg_cross,
          nicolae_vaults_little_squares_1, v_misc_8,
          nicolae_vaults_mini_display_case, layout_vaults_omnigrid
Vaults:3: vaults_mumra_minichess, nicolae_vaults_network_s, serial_ice_b,
          nicolae_vaults_statue_guard, nicolae_vaults_three_branches,
          vaults_room_fours, nicolae_vaults_inception_scallops,
          nicolae_vaults_network_periphery, v_misc_19, v_rooms_1,
          vaults_dpeg_encased_lava, layout_vaults_ring, serial_shops,
          shop_statue
Vaults:4: gammafunk_ghost_split, vaults_standard_mumra_x,
          grunt_vaults_hallway_short, st_greater_box_4, vaults_room_large_hall,
          hangedman_vaults_unwind, v_rooms_6, v_misc_9, layout_vaults_maze,
          serial_shops, shop, uniq_bai_suzhen
Vaults:5: uniq_frederick
Crypt:1:  gammafunk_crypt_yreds_forest, layout_rooms, serial_co_window_serial,
          co_window_of_opportunity_a, co_window_paths_b, co_window_paths_a,
          co_window_paths_a, co_window_paths_b, co_window_corner_a,
          co_window_of_opportunity_c, co_window_unsneaky_path_a,
          co_window_paths_c, co_window_corner_b, co_window_corner_ca,
          co_window_paths_d, glass_columns_a, glass_columns_b, glass_columns_a,
          glass_columns_a, ebering_ghost_inner_flame
Crypt:2:  layout_chaotic_city
Crypt:3:  lightli_unholy_cathedral, layout_chaotic_city,
          nicolae_tomb_entry_unfolded_pyramid_orthogonal, gammafunk_ghost_crypt,
          minmay_misc_feat_cross, uniq_margery, uniq_mennas, uniq_josephina
Depths:1: layout_basic, serial_shops, shop, grunt_mini_vestibule,
          hex_intersection, minmay_holes, water_boxes_lemuel
Depths:2: minmay_guarded_unrand_guard, layout_honeycomb, hellmouth_3,
          grunt_pan_entry_zigzag, minmay_staircase_bubble
Depths:3: evilmike_negative_zone, layout_gridlike, abyss_entry_crystal,
          hangedman_geh_valley, serial_shops, nicolae_square_shop,
          nicolae_ru_the_path_less_chosen,
          nicolae_concentric_dashed_squares_mild, grunt_decor_junction,
          minmay_fractal_squares_diagonal_5, firewood_loft,
          infiniplex_staircase_pillars_2
Depths:4: grunt_zot_entry_bicorn, layout_gridville, enter_ziggurat_c,
          grunt_hell_entry_dis_old, fedhas_altar_fruit_tree, minmay_shop_grove
Hell
Zot:1:    kennysheep_oblong_rooms, layout_gridlike, st_stairs_3,
          st_small_dragon_hoard_4
Zot:2:    lemuel_acid_trip, layout_cathedral_of_symmetry
Zot:3:    layout_cellular_growth, grunt_megastairs_1
Zot:4:    gammafunk_dig_for_victory, layout_gridlike, lemuel_lake_of_fire
Zot:5:    layout_basic, gammafunk_ghost_necromancy, lemuel_baited_zot_trap,
          drop_trap

Skill      XL: |  1  2  3  4  5  6  7  8  9 10 11 12 13 14 15 16 17 18 19 20 21 22 23 24 25 26 27 |
---------------+----------------------------------------------------------------------------------+-----
Stealth        | 2 3 4 6 7 9 11 13 | 13.2
Dodging        | 2 3 4 7 10 11 | 11.7
Ice Magic      | 4 5 6 7 9 11 12 14 15 16 17 19 21 | 21.3
Spellcasting   | 3 4 5 6 7 9 10 12 15 16 17 | 17.1
Short Blades   | 2 4 5 7 9 10 11 | 11.9
Summonings     | 1 3 |  3.8
Fighting       | 1 4 5 6 8 12 15 16 | 16.9
Conjurations   | 1 5 7 10 12 | 12.9
Air Magic      | 1 4 5 6 7 8 |  8.5
Armour         | 2 3 |  3.1
Evocations     | 2 4 9 10 12 | 12.1
Shields        | 2 6 |  6.6
Transmutations | 3 5 |  5.7
Necromancy     | 3 8 12 | 12.7
Earth Magic    | 2 4 6 10 | 10.5
Unarmed Combat | 8 13 17 18 22 | 22.2
Long Blades    | 5 8 |  8.4
Throwing       | 5 |  5.1
Staves         | |  0.9

Action                   |  1- 3 |  4- 6 |  7- 9 | 10-12 | 13-15 | 16-18 | 19-21 | 22-24 | 25-27 || total
-------------------------+-------+-------+-------+-------+-------+-------+-------+-------+-------++-------
Melee: Unarmed           |    46 |       |       |       |       |       |   670 |  1000 |  1621 ||  3337
       Dagger            |    30 |    73 |   378 |   646 |  1205 |   799 |   402 |   305 |   314 ||  4152
       Punch             |       |     1 |     3 |    12 |    26 |     8 |       |       |       ||    50
       Rapier            |       |       |       |       |   140 |    58 |       |       |       ||   198
       Staff             |       |       |       |       |    12 |    32 |    47 |    32 |     4 ||   127
Throw: Dart              |       |       |       |     3 |    22 |    36 |     9 |    26 |    39 ||   135
       Throwing net      |       |       |       |       |       |       |     4 |     1 |     3 ||     8
       Javelin           |       |       |       |       |       |       |       |       |     7 ||     7
 Cast: Freeze            |    58 |    13 |     1 |     1 |     4 |       |       |       |       ||    77
       Ozocubu's Armour  |       |       |     1 |    15 |    20 |     3 |     3 |     6 |     2 ||    50
       Frozen Ramparts   |       |       |     9 |    35 |    31 |     8 |     3 |     5 |       ||    91
       Summon Ice Beast  |       |       |       |     6 |    21 |     2 |     3 |       |     1 ||    33
       Freezing Cloud    |       |       |       |     1 |    25 |    22 |    22 |    19 |       ||    89
       Mephitic Cloud    |       |       |       |       |    11 |    16 |     8 |     1 |     3 ||    39
       Stone Arrow       |       |       |       |       |    55 |    21 |    39 |     9 |     3 ||   127
       Ozocubu's Refrige |       |       |       |       |    31 |    86 |   254 |   185 |    27 ||   583
       Arcjolt           |       |       |       |       |       |    29 |     8 |    24 |    49 ||   110
       Lightning Bolt    |       |       |       |       |       |       |     8 |       |       ||     8
       Borgnjor's Vile C |       |       |       |       |       |       |     4 |    32 |    16 ||    52
       Irradiate         |       |       |       |       |       |       |     1 |     9 |    14 ||    24
       Dispel Undead     |       |       |       |       |       |       |       |    19 |    29 ||    48
       Iron Shot         |       |       |       |       |       |       |       |    21 |    98 ||   119
       Blink             |       |       |       |       |       |       |       |     3 |    10 ||    13
       Polar Vortex      |       |       |       |       |       |       |       |       |    14 ||    14
       Lee's Rapid Decon |       |       |       |       |       |       |       |       |     8 ||     8
       Vampiric Draining |       |       |       |       |       |       |       |       |     5 ||     5
Invok: Curse Item        |       |       |     4 |     5 |     3 |     2 |     2 |       |       ||    16
       Shatter the Chain |       |       |       |     2 |     3 |     1 |     2 |       |       ||     8
Evoke: Wand              |       |     2 |    12 |    14 |    20 |     8 |    11 |    11 |    24 ||   102
       Lightning rod     |       |       |       |     6 |     5 |       |     2 |     2 |    11 ||    26
       Condenser vane    |       |       |       |       |     1 |     1 |     1 |     1 |     8 ||    12
       Tin of tremorston |       |       |       |       |       |       |     1 |     2 |     1 ||     4
       Phial of floods   |       |       |       |       |       |       |     1 |       |     2 ||     3
       Phantom mirror    |       |       |       |       |       |       |       |       |     3 ||     3
       Box of beasts     |       |       |       |       |       |       |       |       |     2 ||     2
  Use: Potion            |     1 |       |     1 |       |     7 |     2 |     8 |    11 |    37 ||    67
       Scroll            |       |     6 |    11 |     2 |    17 |     7 |     9 |    13 |    27 ||    92
 Stab: Sleeping          |     4 |     7 |     9 |    27 |    35 |    28 |    24 |    41 |    26 ||   201
       Distracted        |       |       |     2 |       |     3 |     3 |    14 |     3 |    10 ||    35
       Invisible         |       |       |     1 |       |     6 |       |       |     1 |     4 ||    12
       Confused          |       |       |       |       |     3 |    14 |     2 |       |     1 ||    20
       Held in net/web   |       |       |       |       |       |     1 |     1 |     2 |     1 ||     5
       Fleeing           |       |       |       |       |       |       |     1 |       |       ||     1
Armor: Robe              |    20 |    21 |    90 |    96 |    44 |       |       |       |       ||   271
       Leather armour    |       |       |       |       |   252 |   203 |   176 |   271 |   402 ||  1304
Dodge: Dodged            |    70 |    41 |   223 |   288 |   694 |   517 |   439 |   620 |   955 ||  3847
Block: Other             |    16 |    15 |    64 |   141 |   366 |    58 |       |       |       ||   660
       Reflection        |       |       |       |     1 |     7 |    14 |    57 |    35 |    22 ||   136
       Buckler           |       |       |       |       |       |   527 |   652 |   779 |  1258 ||  3216
       Rpst.: Dagger     |       |       |       |       |       |    89 |       |       |       ||    89
       Rapier            |       |       |       |       |       |     9 |       |       |       ||     9
       Staff             |       |       |       |       |       |     2 |       |       |       ||     2

Table legend: (Time is in decaauts)
 A = Elapsed time spent in this place.
 B = Non-inter-level travel time spent in this place.
 C = Inter-level travel time spent in this place.
 D = Time resting spent in this place.
 E = Time spent auto-exploring this place.
 F = Levels seen in this place.
 G = Mean time per level.
                   A        B        C        D        E       F      G
               +--------+--------+--------+--------+--------+-----+--------+
         Total | 146960 | 136179 |  10781 |  77135 |  30679 |  68 | 2161.2 |
       Dungeon |  29221 |  25040 |   4181 |  11991 |   8185 |  15 | 1948.1 |
        Temple |    469 |    459 |     10 |    312 |    131 |   1 |  469.0 |
          Lair |  12010 |  10718 |   1292 |   4977 |   3283 |   5 | 2402.0 |
        Shoals |   6337 |   6069 |    268 |   2196 |   2416 |   4 | 1584.2 |
   Spider Nest |  15808 |  15389 |    419 |  10749 |   2114 |   4 | 3952.0 |
    Slime Pits |   7192 |   7129 |     63 |   5889 |     80 |   5 | 1438.4 |
  Orcish Mines |   3789 |   3189 |    600 |   1623 |    822 |   2 | 1894.5 |
   Elven Halls |  11486 |  11230 |    256 |   7276 |   1650 |   3 | 3828.7 |
        Vaults |  19870 |  18744 |   1126 |  10666 |   4535 |   5 | 3974.0 |
         Crypt |   6732 |   6610 |    122 |   2458 |   1899 |   3 | 2244.0 |
        Depths |  14832 |  13408 |   1424 |   8382 |   2917 |   4 | 3708.0 |
          Hell |   1661 |   1637 |     24 |    886 |    277 |   1 | 1661.0 |
           Zot |  13339 |  12346 |    993 |   6391 |   2364 |   5 | 2667.8 |
      Ziggurat |   2881 |   2881 |      0 |   2384 |      0 |   9 |  320.1 |
      Ice Cave |    723 |    723 |      0 |    582 |      0 |   1 |  723.0 |
      Gauntlet |    603 |    603 |      0 |    368 |      0 |   1 |  603.0 |
               +--------+--------+--------+--------+--------+-----+--------+

Top non-repeatable levels by time:
Depths:4: 5957 daAuts
Vaults:4: 5830 daAuts
   Elf:3: 5658 daAuts
   Zot:2: 5615 daAuts
Spider:1: 5007 daAuts
Spider:4: 4403 daAuts
Vaults:1: 4292 daAuts
  Lair:5: 4069 daAuts
Depths:3: 4009 daAuts
Spider:3: 3992 daAuts
Vaults:5: 3746 daAuts
   Elf:2: 3521 daAuts
 Slime:4: 3209 daAuts
Vaults:3: 3129 daAuts
     D:6: 2952 daAuts
